 Dungeon Crawl Stone Soup version 0.26.0-15-gc6cd9f700b (webtiles) character file.

Game seed: 17433878222476069908

2517 runemasterragnar the Fighter (level 9, -4/97 HPs)
             Began as an Ogre Monk on Jan 16, 2021.
             Was a Believer of Okawaru.
             Slain by a komodo dragon (22 damage)
             ... on level 8 of the Dungeon.
             The game lasted 00:10:46 (9165 turns).

runemasterragnar the Fighter (Ogre Monk)            Turns: 9165, Time: 00:10:46

Health: -4/97      AC:  5    Str: 21    XL:     9   Next: 54%
Magic:  11/11      EV: 12    Int: 11    God:    Okawaru [**....]
Gold:   99         SH:  0    Dex: 12    Spells: 8/8 levels left

rFire    + + .     SeeInvis .   I - +6 triple sword of Cuzap {vorpal, rF++ rN+}
rCold    . . .     Faith    .   (shield currently unavailable)
rNeg     + + .     Spirit   .   b - +0 robe
rPois    +         Reflect  .   o - +2 hat
rElec    .         Harm     .   (no cloak)
rCorr    .         Rampage  .   (gloves unavailable)
Will     .....     Clarity  +   (boots unavailable)
Stlth    ++........             (no amulet)
HPRegen  0.26/turn              l - ring of poison resistance
MPRegen  0.12/turn              G - ring of positive energy

@: no status effects
A: large, unfitting armour, clarity, mutation resistance 1, strong 1, tough skin
1
a: Renounce Religion, Heroism


You were on level 8 of the Dungeon.
You worshipped Okawaru.
Okawaru was pleased with you.
You visited 2 branches of the dungeon, and saw 9 of its levels.

You collected 359 gold pieces.
You spent 260 gold pieces at shops.

Inventory:

Hand Weapons
 a - a +0 hand axe
 c - a +4 whip
 j - a +0 spear
 A - a +0 war axe
 I - the +6 triple sword of Cuzap (weapon) {vorpal, rF++ rN+}
   (You found it on level 5 of the Dungeon)

   It inflicts extra damage upon your enemies.
   It greatly protects you from fire.
   It protects you from negative energy.
Missiles
 t - 13 boomerangs (quivered)
Armour
 b - a +0 robe (worn)
 o - a +2 hat (worn)
 D - the +2 robe of Gejeim {Harm +Inv rC- Str-5}
   (You found it on level 6 of the Dungeon)

   It affects your strength (-5).
   It makes you vulnerable to cold.
   It lets you turn invisible.
   It increases damage dealt and taken.
Jewellery
 l - a ring of poison resistance (left hand)
 p - an uncursed ring of ice
 r - an uncursed ring of magical power
 x - an uncursed ring of attention
 G - a ring of positive energy (right hand)
 J - an uncursed ring of see invisible
Wands
 i - a wand of random effects (1)
 C - a wand of iceblast (3)
 M - a wand of acid (7)
Scrolls
 e - a scroll of amnesia {unknown}
 g - 2 scrolls of fog
 k - a scroll of noise
 m - 2 scrolls of identify
 s - a scroll of immolation {unknown}
 v - 3 scrolls of teleportation
 y - 4 scrolls of magic mapping
 z - a scroll of random uselessness {unknown}
 B - 2 scrolls of enchant armour {unknown}
 E - 2 scrolls of remove curse
 F - 2 scrolls of silence {unknown}
 H - 2 scrolls of blinking {unknown}
Potions
 d - 2 potions of degeneration
 f - 4 potions of flight
 h - 2 potions of curing
 n - 3 potions of haste
 q - 2 potions of ambrosia
 u - a potion of invisibility
 w - a potion of mutation
 K - a potion of attraction {unknown}
 L - 2 potions of cancellation {unknown}


   Skills:
 + Level 8.9 Fighting
 * Level 3.7 Long Blades
 - Level 8.0 Axes
 + Level 6.2 Dodging
 - Level 1.4 Stealth
 + Level 3.2 Invocations


You had 8 spell levels left.
You didn't know any spells.
Your spell library was empty.

Dungeon Overview and Level Annotations

Branches:
Dungeon (8/15)             Temple (1/1) D:5
   Lair: D:8-11

Altars:
Ashenzari
Cheibriados
Elyvilon
Fedhas
Gozag
Kikubaaqudgha
Makhleb
Nemelex Xobeh
Okawaru
Qazlal
Ru
Sif Muna
Trog
Uskayaw
Vehumet
Wu Jian
Xom
Yredelemnul
Zin
The Shining One

Shops:
D:6 ?   D:8 =[


Innate Abilities, Weirdness & Mutations

You are too large for most types of armour.
You have tough skin. (AC +1)
You possess an exceptional clarity of mind.
You are somewhat resistant to further mutation.
Your muscles are strong. (Str +2)


Message History

The boomerang barely misses the komodo dragon.
Throw: 13 boomerangs
Press: ? - help, Q - select action, (/) - cycle Shift-Dir - straight line, f/p - komodo dragon
Aim: a komodo dragon You throw a boomerang.
The boomerang hits the komodo dragon but does no damage.
The komodo dragon closely misses you.
You riposte.
You slash the komodo dragon!
The komodo dragon is moderately wounded.
The komodo dragon misses you.
You riposte.
You hit the komodo dragon.
The komodo dragon is heavily wounded.
You closely miss the komodo dragon.
The komodo dragon is heavily wounded.
The komodo dragon bites you!!
Unknown command.
You hit the komodo dragon.
The komodo dragon is heavily wounded.
The komodo dragon bites you!
* * * LOW HITPOINT WARNING * * *
The komodo dragon bites you!!
You die...

...P....# ...P...##
.......# #..PP.## ..
+......# ... #..P)..#
########
...####.)....####.......
P........P)....†....###.
..P....@..P#.####.......
P..P..l...[..# ####.###
....P....(##.# #.#
##.....†###.## #.#
##..###.#[# ### #.# #
#.......# .... #.#
.##.#####.##..... #.#
................###.###
#)......##.....#......


You could see a komodo dragon.

Vanquished Creatures
  A komodo dragon (D:8)
  A hornet (D:7)
  Grinder (D:3)
  A wyvern (D:8)
  Duvessa (D:5)
  A sky beast (D:5)
  An orc warrior (D:5)
  2 ogres
  A centaur (D:5)
  2 bullfrogs
  3 scorpions
  Dowan (D:5)
  A water moccasin skeleton (D:7)
  A howler monkey (D:6)
  3 bullfrog zombies
  A quasit (D:6)
  A centaur skeleton (D:5)
  4 orc priests
  A bullfrog skeleton (D:4)
  2 hounds (D:6)
  An iguana (D:5)
  5 orc wizards
  3 worker ants
  A worker ant zombie (D:5)
  3 adders
  3 shadow imps
  2 ufetubi (D:6)
  An adder zombie (D:5)
  An ooze (D:1)
  2 worms
  3 dart slugs
  A leopard gecko (D:3)
  20 orcs
  A ball python (D:5)
  5 giant cockroaches
  5 goblins (D:1)
  10 hobgoblins
  2 jackals (D:5)
  6 kobolds
  5 quokkas
  5 bats
  4 frilled lizards
  A jackal skeleton (D:5)
  2 quokka skeletons
  2 rats (D:1)
124 creatures vanquished.

Vanquished Creatures (others)
  5 fungi (D:8)
  12 plants (D:8)
17 creatures vanquished.

Grand Total: 141 creatures vanquished

Notes
Turn   | Place    | Note
-------+----------+-------------------------------------------
     0 | D:1      | runemasterragnar the Ogre Monk began the quest for the Orb.
     0 | D:1      | Reached XP level 1. HP: 24/24 MP: 1/1
   299 | D:1      | Reached XP level 2. HP: 32/32 MP: 2/2
   849 | D:1      | Reached XP level 3. HP: 39/40 MP: 3/3
  1055 | D:1      | Found a broken altar of Ashenzari.
  1735 | D:3      | Noticed Grinder
  1748 | D:3      | Paralysed by Grinder for 4 turns
  1753 | D:3      | Killed Grinder
  1754 | D:3      | Reached skill level 5 in Fighting
  1754 | D:3      | Reached skill level 5 in Axes
  1754 | D:3      | Reached XP level 4. HP: 14/50 MP: 4/4
  1754 | D:3      | Reached XP level 5. HP: 16/57 MP: 5/5
  1754 | D:3      | Reached XP level 6. HP: 19/66 MP: 6/6
  2944 | D:3      | Found a blossoming altar of Fedhas.
  3331 | D:2      | Found a faded altar of an unknown god.
  3836 | D:2      | Found an ornate altar of the Wu Jian Council.
  3840 | D:2      | Found a basalt altar of Yredelemnul.
  3840 | D:2      | Found a bloodstained altar of Trog.
  3850 | D:2      | Found a sparkling altar of Nemelex Xobeh.
  3853 | D:2      | Found a broken altar of Ashenzari.
  4215 | D:4      | Reached XP level 7. HP: 70/75 MP: 7/7
  4791 | D:5      | Entered Level 5 of the Dungeon
  4966 | D:6      | Found a stormy altar of Qazlal.
  4973 | D:6      | Found a glowing silver altar of Zin.
  5113 | D:6      | Found Bimeti's Magic Scroll Boutique.
  5120 | D:6      | Gained mutation: You have large cloven feet. [potion of
                  | mutation]
  5120 | D:6      | Gained mutation: Your body sometimes deteriorates upon
                  | taking damage. [potion of mutation]
  5120 | D:6      | Gained mutation: Your muscles are strong. (Str +2) [potion
                  | of mutation]
  5121 | D:6      | Lost mutation: Your body sometimes deteriorates upon taking
                  | damage. [potion of mutation]
  5121 | D:6      | Lost mutation: You have large cloven feet. [potion of
                  | mutation]
  5121 | D:6      | Lost mutation: Your muscles are strong. (Str +2) [potion of
                  | mutation]
  5121 | D:6      | Gained mutation: Your muscles are strong. (Str +2) [potion
                  | of mutation]
  5121 | D:6      | Gained mutation: You possess an exceptional clarity of
                  | mind. [potion of mutation]
  5121 | D:6      | Gained mutation: You are somewhat resistant to further
                  | mutation. [potion of mutation]
  5789 | D:6      | Got a fine robe
  5800 | D:6      | Identified the +2 robe of Gejeim {Harm +Inv rC- Str-5} (You
                  | found it on level 6 of the Dungeon)
  6424 | D:5      | Noticed Dowan
  6434 | D:5      | Noticed Duvessa
  6444 | D:5      | Killed Dowan
  6445 | D:5      | Reached XP level 8. HP: 76/87 MP: 8/8
  6446 | D:5      | Killed Duvessa
  6447 | D:5      | Reached skill level 5 in Dodging
  6749 | D:5      | Found a shimmering blue altar of Sif Muna.
  6752 | D:5      | Found a radiant altar of Vehumet.
  7268 | D:5      | Found a staircase to the Ecumenical Temple.
  7320 | Temple   | Entered the Ecumenical Temple
  7363 | Temple   | Became a worshipper of Warmaster Okawaru
  7363 | Temple   | Reached * piety under Okawaru
  7363 | Temple   | Reached ** piety under Okawaru
  7547 | D:5      | Got a blackened triple sword
  7548 | D:5      | Identified the +6 triple sword of Cuzap {vorpal, rF++ rN+}
                  | (You found it on level 5 of the Dungeon)
  7829 | D:7      | Reached skill level 1 in Invocations
  7892 | D:7      | Noticed a hornet
  7898 | D:7      | Paralysed by a hornet for 3 turns
  7914 | D:7      | Reached skill level 1 in Long Blades
  8361 | D:7      | Reached XP level 9. HP: 96/96 MP: 10/10
  8478 | D:7      | Killed a hornet
  9014 | D:8      | Found Vyazo's Jewellery Shop.
  9020 | D:8      | Bought an uncursed ring of positive energy for 260 gold
                  | pieces
  9031 | D:8      | Noticed a komodo dragon
  9047 | D:8      | Found Icwang's Armour Shoppe.
  9087 | D:8      | Noticed a komodo dragon
  9100 | D:8      | Killed a komodo dragon
  9165 | D:8      | Slain by a komodo dragon

Illustrated notes

Levels and vault maps discovered:
D:1:      giann_forest_graveyard, layout_basic, serial_corexii_hall,
          chequers_hall_statues_wall_a, corexii_hall_statues_u,
          corexii_hall_statues_s, serial_park_tiny_1, kennysheep_another_room,
          evilmike_ruin_ashenzari
D:2:      layout_loops_ring, minmay_overflow_temple_star_hex,
          chequers_ecumenical_altar_grove
D:3:      layout_basic, fedhas_altar_fruit_tree, grunt_decor_junction,
          uniq_grinder
D:4:      layout_basic, grunt_tough_drop
D:5:      minmay_octagon_keep, layout_cave_pools, grunt_temple_overflow_open,
          minmay_temple_entry_antechambers, serial_glass, glass_columns_a,
          glass_columns_b, nrook_campfire, uniq_duvessa
D:6:      layout_basic, minitemple, serial_shops, nicolae_shop_behind_doors
D:7:      layout_basic
D:8:      layout_loops_cross, grunt_lair_entry_orc_guard_hut, serial_shops,
          nicolae_shop_stone, kennysheep_little_box, nicolae_shop_crystal,
          nicolae_shop_stone, shop, uniq_joseph
Temple:   compressed_dpeg_circular_temple

Skill      XL: |  1  2  3  4  5  6  7  8  9 |
---------------+----------------------------+-----
Dodging        | 3 4 5 6 |  6.2
Fighting       | 5 6 7 8 |  8.9
Axes           | 5 6 8 |  8.0
Invocations    | 1 3 |  3.2
Long Blades    | 1 3 |  3.7
Stealth        | |  1.4

Action                   |  1- 3 |  4- 6 |  7- 9 || total
-------------------------+-------+-------+-------++-------
Melee: Hand axe          |    82 |   108 |    75 ||   265
       Spear             |    62 |       |       ||    62
       Unarmed           |     6 |       |       ||     6
       War axe           |       |       |   110 ||   110
       Triple sword      |       |       |    34 ||    34
Throw: Boomerang         |       |     4 |    33 ||    37
       Throwing net      |       |       |     1 ||     1
Evoke: Wand              |       |     3 |    11 ||    14
  Use: Potion            |     2 |     1 |     6 ||     9
       Scroll            |     1 |     1 |    12 ||    14
 Stab: Sleeping          |     2 |     1 |     2 ||     5
Armor: Robe              |    54 |    32 |    73 ||   159
       Skin              |     4 |    12 |    30 ||    46
Dodge: Dodged            |    82 |    60 |   162 ||   304
       Rpst.: Triple sword |       |       |    16 ||    16
